 Dungeon Crawl Stone Soup version 0.30-a0-1093-gcfb1e0cf12 (webtiles) character file.

Game seed: 12150490654981888880

1249 FlurksSlurper the Shooter (level 8, -3/56 HPs)
             Began as a Demonspawn Brigand on Apr 17, 2023.
             Slain by a sky beast (4 damage)
             ... on level 6 of the Dungeon.
             The game lasted 00:15:36 (4945 turns).

FlurksSlurper the Shooter (Demonspawn Brigand)      Turns: 4945, Time: 00:15:38

Health: -3/56      AC:  3    Str: 12    XL:     8   Next: 26%
Magic:  8/8        EV:  6    Int: 13    God:
Gold:   387        SH:  0    Dex: 16    Spells: 3/7 levels left

rFire   . . .      SeeInvis +    a - +1 sling (heavy)
rCold   . . .      Faith    .    (no shield)
rNeg    . . .      Spirit   .    w - +0 chain mail
rPois   +          Reflect  .    (helmet restricted)
rElec   .          Rampage  .    c - +0 cloak
rCorr   .                        (no gloves)
Will    .....                    (no boots) Stlth
                                 (no amulet)
HPRegen 0.29/turn                n - ring of see invisible
MPRegen 0.11/turn                y - ring of poison resistance

@: corroded
A: antennae 1, slimy green scales 1, foul stench 1, powered by death 1
a: no special abilities


You were on level 6 of the Dungeon.
You visited 1 branch of the dungeon, and saw 6 of its levels.
You also visited: Sewer.

You collected 387 gold pieces.

Inventory:

Hand Weapons
 a - a +1 heavy sling (weapon)
 b - a +2 broad axe of electrocution
 m - a +2 quarterstaff of distortion
 p - a +2 dagger
 q - a +4 scythe of venom
Missiles
 d - 17 poisoned darts
 l - a throwing net
 s - 2 curare-tipped darts
Armour
 c - a +0 cloak (worn)
 w - a +0 chain mail (worn)
Jewellery
 n - a ring of see invisible (left hand)
 r - a ring of magical power
 y - a ring of poison resistance (right hand)
Wands
 e - a wand of polymorph (6)
Scrolls
 f - 2 scrolls of blinking
 h - a scroll of silence
 i - 2 scrolls of identify
 k - a scroll of teleportation
 o - a scroll of noise
 v - 2 scrolls of fog
 B - a scroll of butterflies {unknown}
Potions
 j - a potion of brilliance {unknown}
 t - a potion of flight {unknown}
 u - a potion of haste {unknown}
 x - a potion of resistance {unknown}
 z - 3 potions of curing
 A - a potion of ambrosia {unknown}


   Skills:
 - Level 2.3 Fighting
 - Level 2.6 Short Blades
 * Level 1.6 Axes
 * Level 7.1 Ranged Weapons
 - Level 2.9 Throwing
 - Level 1.5 Dodging
 - Level 4.4 Stealth
 * Level 1.5 Hexes
 * Level 1.8 Necromancy


You had 3 spell levels left.
You knew the following spells:

 Your Spells              Type           Power      Damage    Failure   Level
a - Slow                  Hex            16%        N/A       99%         1
b - Vampiric Draining     Necr           4%         2d6       100%        3

Your spell library contained the following spells:

 Spells                   Type           Power      Damage    Failure   Level
 Confusing Touch          Hex            4%         N/A       100%        3
 Inner Flame              Hex/Fire       2%         N/A       100%        3
 Yara's Violent Unravell  Hex/Tmut       1%         3d3       100%        5
 Enfeeble                 Hex            2%         N/A       100%        7
 Malign Gateway           Summ/Tloc      0%         N/A       100%        7
 Summon Horrible Things   Summ           0%         N/A       100%        8


Dungeon Overview and Level Annotations

Branches:
Dungeon (6/15)              Sewer (visited)
 Temple: D:4-7

Altars:
Ashenzari
Qazlal
Wu Jian


Innate Abilities, Weirdness & Mutations

You have a pair of small antennae on your head.
You are partially covered in slimy green scales. (AC +2)
You may rarely emit foul miasma when damaged in melee.
You regenerate a little health from kills.


Message History

Fire: a) +1 sling (heavy)
Press: ? - help, Q - select action, (/) - cycle Shift-Dir - straight line, f/p - sky beast
Aim: a sky beast (heavily wounded, 53% to hit)
You shoot a sling bullet. The sling bullet hits the jelly!
You kill the jelly!
The sky beast barely misses you.
Fire: a) +1 sling (heavy)
Press: ? - help, Q - select action, (/) - cycle Shift-Dir - straight line, f/p - sky beast
Aim: a sky beast (heavily wounded, 53% to hit)
You shoot a sling bullet. The sling bullet hits the sky beast!
The sky beast is almost dead.
The sky beast barely misses you. The sky beast hits you.
* * * LOW HITPOINT WARNING * * *
The sky beast shocks you.
* * * LOW HITPOINT WARNING * * *
You feel much better. The sky beast hits you. The sky beast shocks you.
* * * LOW HITPOINT WARNING * * *
Fire: a) +1 sling (heavy)
Press: ? - help, Q - select action, (/) - cycle Shift-Dir - straight line, f/p - sky beast
Aim: a sky beast (almost dead, 53% to hit)
You shoot a sling bullet.
The sling bullet hits the sky beast but does no damage.
The sky beast is almost dead.
The sky beast hits you but does no damage.
The sky beast hits you.
* * * LOW HITPOINT WARNING * * *
The sky beast shocks you.
* * * LOW HITPOINT WARNING * * *
Fire: a) +1 sling (heavy)
Press: ? - help, Q - select action, (/) - cycle Shift-Dir - straight line, f/p - sky beast
Aim: a sky beast (almost dead, 53% to hit)
You shoot a sling bullet.
The sling bullet hits the sky beast but does no damage.
The sky beast is almost dead.
The sky beast hits you.
* * * LOW HITPOINT WARNING * * *
The sky beast shocks you.
* * * LOW HITPOINT WARNING * * *
The sky beast hits you.
You die... ......♣. .......♣ .♣ #.....P♣♣PP.♣ . #. ...PPP♣PPP

... ##. #.........
....#.. #.........
....?..##.?.......
#..Y......#...
####@....##
##...## ##.<#.###
#..)†...#
#......#[..#
####.###....# #..
........# ....
###......# #...
......#


You could see a sky beast.

Vanquished Creatures
  Sigmund (D:4)
  An ice beast (D:6)
  A sky beast (D:6)
  A phantom (D:4)
  2 bullfrogs (Sewer)
  A scorpion (D:5)
  A howler monkey (D:6)
  3 hounds (D:5)
  A jelly (D:6)
  3 sleepcaps
  2 iguanas
  3 orc wizards
  4 gnolls
  11 adders
  A river rat (D:4)
  2 dart slugs
  4 worms
  10 orcs
  4 bats
  15 endoplasms
  12 giant cockroaches
  5 goblins
  11 hobgoblins
  A jackal (D:2)
  10 quokkas
  14 ball pythons
  8 frilled lizards (Sewer)
  6 kobolds
  7 rats
145 creatures vanquished.

Notes
Turn   | Place    | Note
-------+----------+-------------------------------------------
     0 | D:1      | FlurksSlurper the Demonspawn Brigand began the quest for
                  | the Orb.
     0 | D:1      | Reached XP level 1. HP: 16/16 MP: 1/1
   172 | D:1      | Gained mutation: You have a pair of small antennae on your
                  | head. [demonic ancestry]
   172 | D:1      | Reached XP level 2. HP: 22/22 MP: 2/2
   235 | D:1      | Reached skill level 1 in Dodging
   582 | D:1      | Reached XP level 3. HP: 27/27 MP: 3/3
   629 | D:1      | Noticed a shining eye
   634 | D:1      | Noticed a great orb of eyes
   636 | D:1      | Found a faded altar of an unknown god.
   638 | D:1      | Noticed a floating eye
   650 | D:1      | Noticed a golden eye
  1142 | D:2      | Gained mutation: You may rarely emit foul miasma when
                  | damaged in melee. [demonic ancestry]
  1142 | D:2      | Reached XP level 4. HP: 27/33 MP: 4/4
  1702 | D:3      | Found a stormy altar of Qazlal.
  1942 | D:3      | Found an ornate altar of the Wu Jian Council.
  2565 | D:4      | Reached XP level 5. HP: 23/38 MP: 5/5
  2607 | D:4      | Reached skill level 1 in Ranged Weapons
  2774 | D:4      | Found a glowing drain.
  2792 | Sewer    | Entered a sewer
  2931 | Sewer    | Reached skill level 2 in Ranged Weapons
  3173 | Sewer    | Reached skill level 3 in Ranged Weapons
  3173 | Sewer    | Gained mutation: You regenerate a little health from kills.
                  | [demonic ancestry]
  3173 | Sewer    | Reached XP level 6. HP: 26/44 MP: 6/6
  3237 | D:4      | Noticed Sigmund
  3244 | D:4      | Reached skill level 4 in Ranged Weapons
  3286 | D:4      | Killed Sigmund
  3287 | D:4      | Reached XP level 7. HP: 37/50 MP: 7/7
  3363 | D:4      | Learned a level 1 spell: Slow
  3367 | D:4      | Learned a level 3 spell: Vampiric Draining
  3399 | D:4      | Reached skill level 5 in Ranged Weapons
  3942 | D:5      | Entered Level 5 of the Dungeon
  3954 | D:5      | Found a broken altar of Ashenzari.
  3984 | D:5      | Reached skill level 1 in Axes
  4266 | D:5      | Reached skill level 1 in Necromancy
  4272 | D:5      | Reached skill level 6 in Ranged Weapons
  4272 | D:5      | Reached skill level 1 in Hexes
  4826 | D:6      | Gained mutation: You are partially covered in slimy green
                  | scales. (AC +2) [demonic ancestry]
  4826 | D:6      | Reached XP level 8. HP: 35/56 MP: 8/8
  4932 | D:6      | Reached skill level 7 in Ranged Weapons
  4945 | D:6      | HP: 1/56 [sky beast (5)]
  4945 | D:6      | Slain by a sky beast

Illustrated notes

Levels and vault maps discovered:
D:1:      dpeg_arrival_court, layout_basic,
          hellmonk_ecumenical_altar_watching_god
D:2:      minmay_chambers_of_ones, layout_loops_cross, minmay_pentomino_t4
D:3:      layout_loops_ring, grunt_qazlal_clouds, old_standard_altar
D:4:      layout_cave_pools, portal_sewer_entry_c,
          hangedman_decor_diamond_cutter, uniq_sigmund
D:5:      layout_gridville, nicolae_ashenzari_panopticon
D:6:      layout_cave_pools, biasface_ghost_orc_armoury, serial_park,
          serial_park_square1 [serial_park_minivault_5x5_1], serial_park_square1
          [serial_park_minivault_5x5_4], serial_park_square3
          [serial_park_minivault_5x5_5], serial_park_tiny_2,
          nicolae_lava_and_water

Skill      XL: |  1  2  3  4  5  6  7  8 |
---------------+-------------------------+-----
Stealth        | 4 |  4.4
Dodging        | 1 |  1.5
Short Blades   | 2 |  2.6
Throwing       | 2 |  2.9
Ranged Weapons | 3 4 6 7 |  7.1
Axes           | 1 |  1.6
Necromancy     | 1 |  1.8
Hexes          | 1 |  1.5
Fighting       | |  2.3

Action                     |  1- 3 |  4- 6 |  7- 9 || total
---------------------------+-------+-------+-------++-------
  Melee: Dagger            |    67 |   107 |       ||   174
         Punch             |     1 |     2 |       ||     3
         Unarmed           |       |     2 |       ||     2
         Broad axe         |       |       |     6 ||     6
   Fire: Sling             |       |   143 |   128 ||   271
  Throw: Dart              |    37 |    22 |     2 ||    61
    Use: Scroll            |       |    13 |       ||    13
         Potion            |       |     2 |     2 ||     4
   Stab: Sleeping          |     3 |     3 |       ||     6
 Armour: Robe              |    24 |     4 |       ||    28
         Chain mail        |       |   210 |   106 ||   316
  Dodge: Dodged            |    57 |    95 |    43 ||   195

Table legend: (Time is in decaauts)
 A = Elapsed time spent in this place.
 B = Non-inter-level travel time spent in this place.
 C = Inter-level travel time spent in this place.
 D = Time resting spent in this place.
 E = Time spent auto-exploring this place.
 F = Levels seen in this place.
 G = Mean time per level.
                   A        B        C        D        E       F      G
               +--------+--------+--------+--------+--------+-----+--------+
         Total |   5352 |   5103 |    249 |    278 |   3162 |   7 |  764.6 |
       Dungeon |   4706 |   4457 |    249 |    278 |   2896 |   6 |  784.3 |
         Sewer |    645 |    645 |      0 |      0 |    266 |   1 |  645.0 |
               +--------+--------+--------+--------+--------+-----+--------+

Top non-repeatable levels by time:
     D:4: 1066 daAuts
     D:5: 941 daAuts
     D:1: 858 daAuts
     D:3: 845 daAuts
     D:2: 826 daAuts
   Sewer: 645 daAuts
     D:6: 168 daAuts
